 Dungeon Crawl Stone Soup version 0.25-a0-561-g0977b4d109 (webtiles) character file.

Game seed: 4680700643127898184, levelgen mode: deterministic

30487 Flugslaktarn the Severer (level 13, -9/123 HPs)
             Began as a Deep Dwarf Fighter on Feb 25, 2020.
             Was an Initiate of Gozag.
             Mangled by a vault guard
             ... wielding a +0 war axe
              (13 damage)
             ... on level 13 of the Dungeon.
             The game lasted 00:08:28 (9430 turns).

Flugslaktarn the Severer (Deep Dwarf Fighter)       Turns: 9430, Time: 00:08:29

Health: -9/123     AC: 14    Str: 28    XL:     13   Next: 20%
Magic:  11/11      EV:  9    Int: 11    God:    Gozag
Gold:   1500       SH: 14    Dex: 12    Spells: 12/12 levels left

rFire    . . .     SeeInvis +   A - +2 hand axe (vamp)
rCold    x . .     Gourm    .   p - +0 tower shield
rNeg     . . .     Faith    .   F - +2 chain mail {rPois}
rPois    +         Spirit   .   (no helmet)
rElec    +         Reflect  .   (no cloak)
rCorr    .         Harm     .   j - +2 pair of gloves
MR       +....                  (no boots)
Stlth    ..........             w - amulet "Upsil" {+Inv rElec rC- Regen+ Str+5}
HPRegen  0.00/turn              i - ring of see invisible
MPRegen  0.12/turn              v - +5 ring of evasion

@: non-regenerating, extremely drained
A: damage resistance, heal wounds, sense surroundings 2, no regeneration
a: Heal Wounds, Potion Petition, Call Merchant, Bribe Branch, Renounce Religion,
Evoke Invisibility


You were on level 13 of the Dungeon.
You worshipped Gozag.
Gozag was most pleased with you.
You were not hungry.

You visited 1 branch of the dungeon, and saw 13 of its levels.
You also visited: Sewer and Ossuary.

You collected 3878 gold pieces.
You spent 1204 gold pieces at shops.
You paid 1174 gold pieces to Gozag.

Inventory:

Hand Weapons
 b - a +2 vorpal war axe
   (You took it off an orc warrior on level 7 of the Dungeon)
 A - a +2 vampiric hand axe (weapon)
   (You took it off an orc priest on level 9 of the Dungeon)
 B - the +1 battleaxe of Eletoc {drain, +Inv Str+3}
   (You found it on level 4 of the Dungeon)

   A truly terrible weapon, it drains the life of those it strikes.
   It affects your strength (+3).
   It lets you turn invisible.
 K - a +2 broad axe
   (You took it off an orc knight on level 12 of the Dungeon)
Armour
 c - a +0 kite shield
 j - a +2 pair of gloves (worn)
   (You found it on level 1 of the Dungeon)
 p - a +0 tower shield (worn)
   (You found it on level 4 of the Dungeon)
 C - a +0 plate armour
   (You took it off an orc warrior on level 7 of the Dungeon)
 F - a +2 chain mail of poison resistance (worn)
   (You took it off an orc warrior on level 9 of the Dungeon)
Jewellery
 i - a ring of see invisible (left hand)
   (You found it on level 7 of the Dungeon)
 k - an uncursed amulet of the acrobat
   (You found it on level 4 of the Dungeon)
 v - a +5 ring of evasion (right hand)
   (You bought it in a shop on level 13 of the Dungeon)
 w - the amulet "Upsil" (around neck) {+Inv rElec rC- Regen+ Str+5}
   (You bought it in a shop on level 13 of the Dungeon)

   [amulet of regeneration]

   It affects your strength (+5).
   It makes you vulnerable to cold.
   It insulates you from electricity.
   It lets you turn invisible.
   It increases your rate of regeneration.
 x - an uncursed ring of stealth {unknown}
   (You found it on level 11 of the Dungeon)
 I - the ring of Curiosity {rF+ Int+4}
   (You found it on level 10 of the Dungeon)

   [ring of protection from fire]

   It affects your intelligence (+4).
   It protects you from fire.
Wands
 a - a wand of clouds (1)
   (You took it off Urug on level 11 of the Dungeon)
 f - a wand of digging (4)
   (You found it on level 11 of the Dungeon)
 y - a wand of paralysis (14)
   (You found it on level 6 of the Dungeon)
 G - a wand of scattershot (6)
   (You found it on level 13 of the Dungeon)
Scrolls
 m - 5 scrolls of remove curse
 o - 2 scrolls of enchant armour
 r - 5 scrolls of identify
 s - 2 scrolls of magic mapping
 t - 2 scrolls of teleportation
 D - 2 scrolls of fog
 E - a scroll of immolation
Potions
 d - 5 potions of might
 g - 2 potions of mutation
 h - 2 potions of haste
 l - 3 potions of flight
 n - 4 potions of magic
 q - 4 potions of curing
 u - 3 potions of degeneration
 z - 3 potions of ambrosia
 H - a potion of cancellation {unknown}
 J - a potion of invisibility
 L - a potion of stabbing {unknown}
Comestibles
 e - 12 rations


   Skills:
 + Level 9.9(3.3) Fighting
 * Level 15.1(7.7) Axes
 + Level 11.5(4.7) Armour
 - Level 8.1(1.8) Shields
 - Level 10.0(3.4) Evocations


You had 12 spell levels left.
You didn't know any spells.
Your spell library was empty.

Dungeon Overview and Level Annotations

Branches:
Dungeon (13/15)            Temple (0/1) D:4            Lair (0/6) D:9
    Orc (0/2) D:12         Vaults (0/5) D:13          Sewer (visited)
Ossuary (visited)

Altars:
Fedhas
Gozag
Hepliaklqana
Nemelex Xobeh
Okawaru
Qazlal
Ru
Sif Muna
Trog
Wu Jian
Xom
The Shining One

Shops:
D:12 ([   D:13 (=

Annotations:
D:9 1 runed translucent door, zikan's ghost, novice DECj
D:11 2 transporters, KennyOmg's ghost, journeyman MiBe


Innate Abilities, Weirdness & Mutations

You are resistant to damage.
You can heal yourself by infusing magical energy.
You passively map the area around you.
You do not regenerate.


Message History

Your shield prevents you from hitting the vault guard.
The vault guard is heavily wounded.
You hit the vault guard but do no damage.
You block the vault guard's attack.
The vault guard hits you with a +0 war axe.
You hit the vault guard but do no damage.
The vault guard is heavily wounded.
You hit the vault guard.
You feel better.
The vault guard hits you with a +2 long sword of draining!
* * * LOW HITPOINT WARNING * * *
You feel drained.
The vault guard hits you with a +0 war axe!
* * * LOW HITPOINT WARNING * * *
You barely miss the vault guard.
The vault guard is heavily wounded.
You hit the vault guard but do no damage.
You block the vault guard's attack.
The vault guard hits you with a +0 war axe!
You die...
Your body crumbles into a pile of gold.

...)....####
........#######
............... ,, *
......#############
......#.....#)...:#
......#[....'.....#
*
......#..⌠..').⌠..#
......#.....'..$$p#
......#...).#..$@p#,
####..##'''###''$##
#..#.....#.....# *
#..'.....#.....#,*
#..'..⌠..#..∩..#
#..'.....#?...$#,*
##.#....(#$%./!#
#.############# #..
, ,*


You could see 2 vault guards.

Vanquished Creatures
  A hydra (D:13)
  A centaur warrior (D:13)
  5 two-headed ogres
  Urug (D:11)
  3 unseen horrors
  2 wizards (D:13)
  An orc knight (D:12)
  Pikel (D:8)
  2 necromancers (D:13)
  A manticore (D:10)
  An ugly thing (D:13)
  2 gargoyles (D:11)
  A centaur skeleton (D:13)
  2 ice devils (D:12)
  2 trolls
  A yaktaur (D:13)
  A queen bee (shapeshifter) (D:13)
  Grinder (D:4)
  A hippogriff (D:13)
  A wraith (D:10)
  2 shadows
  32 yaks
  2 wyverns
  A vampire (D:11)
  18 humans (D:13)
  A basilisk (D:11)
  Eustachio (D:5)
  2 vampire mosquitoes (D:13)
  Menkaure (D:5)
  An acid dragon (D:11)
  A porcupine (D:9)
  6 ice beasts
  A sky beast (D:7)
  9 orc warriors
  2 phantoms
  8 ogres
  A slave (D:8)
  2 black bears (D:9)
  7 centaurs
  3 crocodiles
  4 big kobolds
  An elf zombie (Ossuary)
  16 bullfrogs
  A wyvern skeleton (D:10)
  5 scorpions
  16 killer bees
  9 howler monkeys
  10 crimson imps
  2 bullfrog zombies
  5 centaur zombies
  10 hounds
  A jelly (D:9)
  8 orc priests
  5 bullfrog skeletons
  11 orc wizards
  5 iguanas
  11 worker ants
  2 big kobold zombies (Ossuary)
  A hound zombie (D:6)
  2 mummies (Ossuary)
  A worker ant zombie (D:8)
  A howler monkey zombie (D:5)
  8 gnolls
  2 howler monkey skeletons
  12 adders
  A river rat (Sewer)
  An ooze (D:5)
  An adder skeleton (D:5)
  2 adder zombies (Ossuary)
  A worm (D:4)
  A dart slug (D:2)
  3 leopard geckos
  39 orcs
  2 giant cockroaches
  2 goblins
  3 hobgoblins
  10 jackals
  2 quokkas
  4 bats
  2 frilled lizards
  2 goblin zombies (Ossuary)
  9 hobgoblin zombies (Ossuary)
  A jackal skeleton (D:5)
  23 kobolds
  10 kobold zombies (Ossuary)
  8 orc zombies (Ossuary)
  A quokka skeleton (D:4)
  A quokka zombie (D:9)
  7 rats
  A rat zombie (Ossuary)
  5 fungi (D:9)
  5 plants (D:9)
428 creatures vanquished.

Vanquished Creatures (others)
  A yak (D:11)
  8 fungi (D:9)
  4 plants (D:9)
13 creatures vanquished.

Grand Total: 441 creatures vanquished

Notes
Turn   | Place    | Note
-------+----------+-------------------------------------------
     0 | D:1      | Flugslaktarn the Deep Dwarf Fighter began the quest for the
                  | Orb.
     0 | D:1      | Reached XP level 1. HP: 20/20 MP: 1/1
   276 | D:2      | Reached XP level 2. HP: 25/27 MP: 2/2
   341 | D:2      | Reached skill level 3 in Axes
   341 | D:2      | Reached XP level 3. HP: 23/34 MP: 3/3
   455 | D:3      | Reached XP level 4. HP: 36/42 MP: 4/4
   591 | D:4      | Found a glowing drain.
   608 | Sewer    | Entered a sewer
   669 | Sewer    | Noticed a big kobold
   691 | Sewer    | Killed a big kobold
   691 | Sewer    | Reached skill level 4 in Axes
   691 | Sewer    | Reached XP level 5. HP: 47/49 MP: 5/5
   706 | Sewer    | Found a white marble altar of Elyvilon.
   755 | D:4      | Found an opulent altar of Gozag.
   892 | D:4      | Noticed an ice beast
   918 | D:4      | Killed an ice beast
   918 | D:4      | Reached XP level 6. HP: 24/57 MP: 5/5
   958 | D:4      | Became a worshipper of Gozag Ym Sagoz the Greedy
   995 | D:4      | Reached skill level 5 in Axes
  1030 | D:4      | Found a staircase to the Ecumenical Temple.
  1124 | D:4      | Got a crude battleaxe
  1130 | D:4      | Identified the cursed +1 battleaxe of Eletoc {drain, +Inv
                  | Str+3} (You found it on level 4 of the Dungeon)
  1153 | D:4      | Noticed Grinder
  1153 | D:4      | Paralysed by Grinder for 3 turns
  1159 | D:4      | Paralysed by Grinder for 7 turns
  1182 | D:4      | Killed Grinder
  1182 | D:4      | Reached skill level 6 in Axes
  1182 | D:4      | Reached skill level 5 in Armour
  1182 | D:4      | Reached skill level 5 in Shields
  1182 | D:4      | Reached XP level 7. HP: 38/64 MP: 6/6
  1191 | D:4      | Found a sparkling altar of Nemelex Xobeh.
  1470 | D:5      | Entered Level 5 of the Dungeon
  1472 | D:5      | Noticed Menkaure
  1485 | D:5      | Killed Menkaure
  1485 | D:5      | Reached XP level 8. HP: 51/73 MP: 7/7
  1493 | D:5      | Reached skill level 7 in Axes
  1526 | D:5      | Noticed Eustachio
  1541 | D:5      | Reached skill level 5 in Fighting
  1545 | D:5      | Killed Eustachio
  1754 | D:5      | Reached skill level 8 in Axes
  1779 | D:5      | Found a shimmering altar of Xom.
  1907 | D:5      | Found a glowing golden altar of the Shining One.
  2142 | D:6      | Found a sand-covered staircase.
  2147 | Ossuary  | Entered an ossuary
  2450 | D:6      | Gained mutation: You passively map the area around you.
                  | [Deep Dwarf growth]
  2450 | D:6      | Reached XP level 9. HP: 66/82 MP: 7/7
  2477 | D:6      | Found a bloodstained altar of Trog.
  2985 | D:6      | Found a sacrificial altar of Ru.
  3025 | D:7      | Reached skill level 9 in Axes
  3053 | D:7      | Found a hazy altar of Hepliaklqana.
  3371 | D:7      | Found an ornate altar of the Wu Jian Council.
  3446 | D:7      | Found a shimmering blue altar of Sif Muna.
  3697 | D:7      | Reached skill level 10 in Axes
  3941 | D:8      | Reached skill level 1 in Evocations
  4279 | D:8      | Noticed Pikel
  4288 | D:8      | Killed Pikel
  4288 | D:8      | Reached XP level 10. HP: 49/92 MP: 8/8
  4756 | D:9      | Found a stormy altar of Qazlal.
  4794 | D:9      | Found a staircase to the Lair.
  4809 | D:9      | Reached skill level 11 in Axes
  4938 | D:9      | Found a blossoming altar of Fedhas.
  5054 | D:9      | Noticed a two-headed ogre
  5068 | D:9      | Killed a two-headed ogre
  5268 | D:9      | Found an iron altar of Okawaru.
  5564 | D:9      | Found a runed translucent door.
  5567 | D:9      | Noticed zikan's ghost (novice DECj)
  5567 | D:9      | Identified the +3 spear of Ditoerch {holy, +Rage rElec
                  | Dex+3}
  5607 | D:9      | Reached skill level 5 in Evocations
  6081 | D:10     | Entered Level 10 of the Dungeon
  6435 | D:10     | Noticed a manticore
  6455 | D:10     | Killed a manticore
  6464 | D:10     | Reached skill level 12 in Axes
  6464 | D:10     | Reached XP level 11. HP: 97/102 MP: 11/11
  6484 | D:10     | Noticed a two-headed ogre
  6503 | D:10     | Killed a two-headed ogre
  6898 | D:10     | Got a vibrating tin ring
  7066 | D:11     | Noticed an unseen horror
  7076 | D:11     | Noticed Urug
  7106 | D:11     | Killed an unseen horror
  7139 | D:11     | Killed Urug
  7151 | D:11     | Reached skill level 13 in Axes
  7164 | D:11     | Reached skill level 10 in Armour
  7342 | D:11     | Found a transporter.
  7342 | D:11     | Noticed KennyOmg's ghost (journeyman MiBe)
  7346 | D:11     | Noticed a skeletal warrior
  7360 | D:11     | Found a transporter.
  7496 | D:11     | Identified the ring of Curiosity {rF+ Int+4} (You found it
                  | on level 10 of the Dungeon)
  7649 | D:12     | Reached XP level 12. HP: 112/112 MP: 11/11
  7676 | D:12     | Found Igroa's Weapon Shoppe.
  7678 | D:12     | Found a staircase to the Orcish Mines.
  7680 | D:12     | Found Fiozxel's Armour Shoppe.
  8113 | D:12     | Found a frozen archway.
  8534 | D:13     | Noticed a two-headed ogre
  8564 | D:13     | Reached skill level 14 in Axes
  8568 | D:13     | Killed a two-headed ogre
  8718 | D:13     | Noticed a centaur warrior
  8747 | D:13     | Killed a centaur warrior
  8748 | D:13     | Noticed a two-headed ogre
  8758 | D:13     | Noticed a two-headed ogre
  8797 | D:13     | Killed a two-headed ogre
  8807 | D:13     | Killed a two-headed ogre
  8903 | D:13     | Noticed a six-headed hydra
  8928 | D:13     | HP: 4/115 [15-headed hydra (5)]
  8936 | D:13     | Bought a +5 ring of evasion for 605 gold pieces
  8936 | D:13     | Bought the amulet "Upsil" {+Inv rElec rC- Regen+ Str+5} for
                  | 599 gold pieces
  9012 | D:13     | Killed a 15-headed hydra
  9249 | D:13     | Reached XP level 13. HP: 121/121 MP: 11/11
  9262 | D:13     | Reached skill level 10 in Evocations
  9322 | D:13     | Reached skill level 15 in Axes
  9361 | D:13     | Found a gate to the Vaults.
  9372 | D:13     | Paralysed by a wizard for 6 turns
  9408 | D:13     | Paralysed by a wizard for 3 turns
  9429 | D:13     | HP: 4/123 [vault guard/+0 war axe (5)]
  9430 | D:13     | Mangled by a vault guard

Levels and vault maps discovered:
D:1:      scummos_arrival_simple_fountains, layout_loops_corners,
          hangedman_decor_clover_reticule
D:2:      layout_basic, bloody_makhleb, nicolae_overflow_hidden_temple
D:3:      layout_basic
D:4:      layout_basic, nicolae_gozag_seed_capital,
          nemelex_xobeh_ov_fountains_minmay, minmay_temple_entry_glassed_door,
          cheibrodos_sewer_entry_drain, first_ration, uniq_grinder
D:5:      layout_rooms, tgw_xom, marbit_many_paths, uniq_eustachio,
          uniq_menkaure
D:6:      layout_loops_ring, nicolae_ru_path_of_blood, lemuel_doored_altar,
          nicolae_ossuary_entry_false_entrances
D:7:      kennysheep_orc_sif_temple, layout_gridville, old_standard_altar,
          kennysheep_little_box
D:8:      layout_cave_pods, uniq_pikel
D:9:      layout_layer_cave, lemuel_round_altar, nicolae_overflow_crystal_walls,
          lemuel_crystal_altar, due_lair_maze_entry_diamond,
          ebering_ghost_funeral_grove
D:10:     layout_stronghold
D:11:     layout_cross, gammafunk_ghost_mausoleum, uniq_urug
D:12:     layout_irregular_city, orc_david_3, portal_ice_cave_demonic_guard
D:13:     layout_rooms, grunt_vaults_entry_tiered

Skill      XL: |  1  2  3  4  5  6  7  8  9 10 11 12 13 |
---------------+----------------------------------------+-----
Fighting       | 3 4 5 6 7 8 9 |  9.9
Axes           | 3 4 6 8 10 12 13 14 15 | 15.1
Armour         | 4 5 6 8 9 10 11 | 11.5
Shields        | 4 5 6 8 |  8.1
Evocations     | 2 5 7 9 10 | 10.0

Action                   |  1- 3 |  4- 6 |  7- 9 | 10-12 | 13-15 || total
-------------------------+-------+-------+-------+-------+-------++-------
Melee: War axe           |    78 |   130 |       |       |       ||   208
       Battleaxe         |       |     6 |   325 |    56 |       ||   387
       Hand axe          |       |       |       |  1026 |   111 ||  1137
       Broad axe         |       |       |       |    34 |       ||    34
Invok: Potion Petition   |       |       |       |     1 |       ||     1
       Call Merchant     |       |       |       |     2 |       ||     2
 Abil: Heal Wounds       |     4 |     4 |    14 |    16 |       ||    38
Evoke: Wand              |       |       |       |     4 |     1 ||     5
  Use: Scroll            |       |       |       |    22 |       ||    22
       Potion            |       |       |       |     1 |       ||     1
 Stab: Distracted        |       |       |     1 |     6 |       ||     7
       Sleeping          |       |       |       |    41 |       ||    41
       Invisible         |       |       |       |     6 |       ||     6
  Eat: Chunk             |       |     1 |       |       |       ||     1
       Ration            |       |       |     3 |     6 |       ||     9
Armor: Scale mail        |    51 |    69 |   104 |       |       ||   224
       Plate armour      |       |       |    79 |    89 |       ||   168
       Chain mail        |       |       |       |   401 |    70 ||   471
Dodge: Dodged            |    28 |    52 |   137 |   233 |    46 ||   496
Block: Kite shield       |    52 |    55 |       |       |       ||   107
       Tower shield      |       |       |       |   865 |   120 ||   985

Table legend:
 A = Non-vault XP
 B = Vault XP
 C = Vault XP percentage of total XP
 D = Non-vault monster count
 E = Vault monster count
 F = Vault count percentage of total count
                 A         B        C        D         E       F
            +---------+---------+-------+---------+---------+-------
      Total |   31847 |   11707 |  26.9 |     315 |     103 |  24.6
            +---------+---------+-------+---------+---------+-------
        D:1 |       7 |       0 |   0.0 |       5 |       0 |   0.0
        D:2 |      86 |       0 |   0.0 |      14 |       0 |   0.0
        D:3 |      22 |       0 |   0.0 |       6 |       0 |   0.0
        D:4 |     635 |     296 |  31.8 |      17 |       3 |  15.0
        D:5 |     743 |     438 |  37.1 |      18 |       8 |  30.8
        D:6 |     370 |       0 |   0.0 |      13 |       0 |   0.0
        D:7 |    1251 |     217 |  14.8 |      32 |       3 |   8.6
        D:8 |     830 |     617 |  42.6 |      18 |       1 |   5.3
        D:9 |    2536 |    1046 |  29.2 |      32 |       9 |  22.0
       D:10 |    3968 |       0 |   0.0 |      34 |       0 |   0.0
       D:11 |    6880 |     835 |  10.8 |      57 |       1 |   1.7
       D:12 |    2596 |    1448 |  35.8 |      21 |       7 |  25.0
       D:13 |   11923 |    6368 |  34.8 |      48 |      23 |  32.4
      Sewer |       0 |     121 | 100.0 |       0 |       9 | 100.0
    Ossuary |       0 |     321 | 100.0 |       0 |      39 | 100.0
            +---------+---------+-------+---------+---------+-------
